 Dungeon Crawl Stone Soup version 0.28-a0-297-g99b01970c5 (webtiles) character file.

Game seed: 10570590976758959343

2953 Gargoyl the Fighter (level 9, 0/74 HPs)
             Began as a Gnoll Abyssal Knight on Aug 29, 2021.
             Was an Elder of Lugonu.
             Slain by a boulder beetle (6 damage)
             ... on level 8 of the Dungeon.
             The game lasted 00:11:26 (9305 turns).

Gargoyl the Fighter (Gnoll Abyssal Knight)          Turns: 9305, Time: 00:11:27

Health: 0/74       AC: 24    Str: 15    XL:     9   Next: 81%
Magic:  0/15       EV: 10    Int: 11    God:    Lugonu [****..]
Gold:   516        SH:  5    Dex: 12    Spells: 17/17 levels left

rFire   . . .      SeeInvis .   m - +1 war axe
rCold   + . .      Faith    .   l - +0 buckler
rNeg    . . .      Spirit   +   u - +0 plate armour
rPois   +          Reflect  .   d - +2 helmet
rElec   .          Harm     .   s - +2 cloak
rCorr   .          Rampage  .   e - +0 pair of gloves
Will    .....                   F - +2 pair of boots
Stlth   ..........              h - amulet of guardian spirit
HPRegen 0.22/turn               w - ring "Ykkaqis Wige" {rPois rC+ Stlth+}
MPRegen 0.14/turn               q - +4 ring of evasion

@: mighty
A: fangs 1, strong nose, distributed training
a: Renounce Religion, Depart the Abyss, Bend Space, Banish, Corrupt


You were on level 8 of the Dungeon.
You worshipped Lugonu.
Lugonu was greatly pleased with you.
You visited 1 branch of the dungeon, and saw 8 of its levels.
You visited the Abyss 1 time.
You also visited: Ossuary.

You collected 552 gold pieces.
You spent 36 gold pieces at shops.

Inventory:

Hand Weapons
 a - a +1 hand axe
 m - a +1 war axe (weapon)
Missiles
 f - 16 poisoned darts (quivered)
Armour
 d - a +2 helmet (worn)
 e - a +0 pair of gloves (worn)
 l - a +0 buckler (worn)
 s - a +2 cloak (worn)
 u - a +0 plate armour (worn)
 F - a +2 pair of boots (worn)
Jewellery
 h - an amulet of guardian spirit (around neck)
 k - a ring of flight
 p - a ring of resist corrosion
 q - a +4 ring of evasion (right hand)
 w - the ring "Ykkaqis Wige" (left hand) {rPois rC+ Stlth+}
   (You acquired it on level 7 of the Dungeon)

   [ring of poison resistance]

   rC:        It protects you from cold.
   rPois:     It protects you from poison.
   Stlth:     It makes you more stealthy.
Wands
 C - a wand of flame (30)
 D - a wand of iceblast (10)
Scrolls
 c - 3 scrolls of identify
 g - 3 scrolls of teleportation
 t - a scroll of magic mapping
Potions
 b - 3 potions of magic
 i - a potion of flight {unknown}
 j - a potion of mutation {unknown}
 n - 3 potions of might
 o - 4 potions of curing {unknown}
 r - 5 potions of heal wounds {unknown}
 z - a potion of invisibility {unknown}
 A - a potion of cancellation {unknown}
 E - a potion of attraction {unknown}


   Skills:
 + Level 8.1 Fighting
 + Level 4.6 Short Blades
 + Level 4.6 Long Blades
 + Level 6.5 Axes
 + Level 4.6 Maces & Flails
 + Level 4.6 Polearms
 + Level 4.6 Staves
 + Level 4.6 Slings
 + Level 4.6 Bows
 + Level 4.6 Crossbows
 + Level 4.6 Throwing
 + Level 6.5 Armour
 + Level 5.3 Dodging
 + Level 4.6 Stealth
 + Level 4.6 Shields
 + Level 4.6 Unarmed Combat
 + Level 4.6 Spellcasting
 + Level 3.8 Conjurations
 + Level 3.8 Hexes
 + Level 3.8 Summonings
 + Level 3.8 Necromancy
 + Level 3.8 Translocations
 + Level 3.8 Transmutations
 + Level 3.8 Fire Magic
 + Level 3.8 Ice Magic
 + Level 3.8 Air Magic
 + Level 3.8 Earth Magic
 + Level 3.8 Poison Magic
 + Level 6.9 Invocations
 + Level 4.6 Evocations


You had 17 spell levels left.
You didn't know any spells.
Your spell library contained the following spells:

 Spells                   Type           Power      Damage    Failure   Level
 Animate Skeleton         Necr           20%        N/A       95%         1
 Apportation              Tloc           20%        N/A       95%         1
 Corona                   Hex            11%        N/A       95%         1
 Summon Small Mammal      Summ           40%        N/A       95%         1
 Slow                     Hex            10%        N/A       98%         2
 Confusing Touch          Hex            10%        N/A       100%        3
 Dazzling Flash           Conj/Hex       20%        N/A       100%        3
 Agony                    Necr           10%        N/A       100%        5
 Silence                  Hex/Air        5%         N/A       100%        5
 Yara's Violent Unravell  Hex/Tmut       5%         3d4       100%        5


Dungeon Overview and Level Annotations

Branches:
Dungeon (8/15)             Temple (0/1) D:7         Ossuary (visited)
   Lair: D:8-11

Altars:
Ashenzari
Dithmenos
Elyvilon
Hepliaklqana
Nemelex Xobeh
Qazlal
Ru
Trog
Vehumet
Wu Jian
Zin
The Shining One

Shops:
D:2 ?


Innate Abilities, Weirdness & Mutations

You have very sharp teeth.
Your uncanny sense of smell can sniff out nearby items.
Your experience applies equally to all skills.


Message History

Your surroundings suddenly seem different.
Found 8 gold pieces and a leather armour.
As you read the scroll of magic mapping, it crumbles to dust.
You feel aware of your surroundings.
You sensed 2 altars.
The killer bee zombie hits you but does no damage.
You slash the killer bee zombie!
The killer bee zombie is moderately damaged.
You block the killer bee zombie's attack.
The killer bee zombie hits you but does no damage.
You barely miss the killer bee zombie.
The killer bee zombie is moderately damaged.
The killer bee zombie completely misses you.
The killer bee zombie barely misses you.
The killer bee zombie hits you but does no damage.
You hit the killer bee zombie.
The killer bee zombie is moderately damaged.
You block the killer bee zombie's attack.
The killer bee zombie closely misses you.
Unknown command.
You block the killer bee zombie's attack.
The boulder beetle curls into a ball and begins rolling!
The killer bee zombie hits you but does no damage.
The killer bee zombie barely misses you.
A centaur zombie comes into view.
Found a cloak and 13 stones.
The killer bee zombie hits you but does no damage.
Found a stone staircase leading down.
The killer bee zombie hits you but does no damage.
The boulder beetle hits you!!!
Ouch! That really hurt!
* * * LOW HITPOINT WARNING * * *
The boulder beetle stops rolling and uncurls.
Unknown command.
Okay, then.
You are too injured to fight recklessly!
It was a potion of might.
You feel very mighty all of a sudden.
The killer bee zombie hits you but does no damage.
The boulder beetle bites you!
You die...

,,***,,,,,,***,**,,,,,,*,,.(.###*
,** *,,,,,.###>....#*<,,,,.....,,
,* **,,,..,......(.#,,,,,,...c***
,***,,,....#........#,**,,...**
,,,,,,.....#.......*#.**,,..##
*,>,,,............,,#.##*,...#
*,,,,,..........[####..###...#
*,,,,,...........#...........#
,,,,,,,.........@.........#..#
,,,,,,,........BZZ##......####
,,,,,,,,[..#..°.#..##......### #
,,,,,,,,,,*#...##............####
*,*,,,,,,,*#...○#...............#
,,*,,,,,,,*#$...°...#....Z......#
,,,,,,,,,,,##..###..#.....c......
,,,,,,*,,,,∆...#,##.......°BZy...
,,,,,,***,,.....,..####z...Syy...


You could see a boulder beetle, a killer bee zombie and a centaur zombie.

Vanquished Creatures
  The ghost of jeb the Shield-Bearer, a novice DsFi (D:6)
  Sigmund (D:6)
  Eustachio (D:6)
  A water moccasin (D:6)
  A sky beast (D:5)
  A hornet zombie (D:7)
  2 ice beasts
  2 ogres (D:5)
  2 orc warriors
  A centaur (D:8)
  A kobold brigand (D:7)
  A bullfrog (D:6)
  2 elf zombies (Ossuary)
  A scorpion (D:5)
  A wyvern zombie (D:5)
  A killer bee (D:8)
  2 howler monkeys (D:7)
  2 centaur zombies
  3 hounds
  2 human zombies (Ossuary)
  A jelly (D:5)
  A bullfrog skeleton (D:6)
  2 centaur skeletons
  A gnoll shaman (D:5)
  2 orc priests
  Natasha (twice) (D:4)
  An iguana (D:5)
  An orc wizard (D:7)
  A killer bee zombie (D:7)
  2 hound zombies
  A hound skeleton (D:4)
  3 mummies (Ossuary)
  10 adders
  6 gnolls
  A river rat (D:3)
  A shadow imp (D:5)
  A white imp (D:6)
  5 adder zombies (Ossuary)
  A worm (D:2)
  5 dart slugs
  18 orcs
  10 endoplasms
  3 giant cockroaches
  A gnoll zombie (Ossuary)
  7 goblins
  5 hobgoblins
  11 kobolds
  6 quokkas
  7 ball pythons
  10 bats
  5 frilled lizards
  2 goblin zombies (Ossuary)
  A hobgoblin zombie (Ossuary)
  2 jackal zombies (Ossuary)
  6 kobold zombies (Ossuary)
  2 orc zombies (Ossuary)
  6 quokka zombies (Ossuary)
  6 rats
  A rat zombie (Ossuary)
186 creatures vanquished.

Vanquished Creatures (others)
  A jelly (D:5)
1 creature vanquished.

Grand Total: 187 creatures vanquished

Notes
Turn   | Place    | Note
-------+----------+-------------------------------------------
     0 | Abyss:1  | Gargoyl the Gnoll Abyssal Knight began the quest for the
                  | Orb.
     0 | Abyss:1  | Reached XP level 1. HP: 23/23 MP: 3/3
    47 | Abyss:1  | Noticed a small abomination
   201 | Abyss:2  | Noticed a stone giant skeleton
   206 | Abyss:2  | Noticed a rakshasa
   206 | Abyss:2  | Noticed a hellwing
   209 | D:1      | Escaped the Abyss
   588 | D:1      | Reached * piety under Lugonu
   641 | D:1      | Reached XP level 2. HP: 29/29 MP: 5/5
   948 | D:1      | Reached XP level 3. HP: 32/35 MP: 6/6
  1347 | D:2      | Found Fitrets's Magic Scroll Shop.
  1353 | D:2      | Bought a scroll of teleportation for 36 gold pieces
  1701 | D:2      | Reached skill level 1 in Short Blades
  1701 | D:2      | Reached skill level 1 in Long Blades
  1701 | D:2      | Reached skill level 1 in Maces & Flails
  1701 | D:2      | Reached skill level 1 in Polearms
  1701 | D:2      | Reached skill level 1 in Staves
  1701 | D:2      | Reached skill level 1 in Slings
  1701 | D:2      | Reached skill level 1 in Bows
  1701 | D:2      | Reached skill level 1 in Crossbows
  1701 | D:2      | Reached skill level 1 in Throwing
  1701 | D:2      | Reached skill level 1 in Stealth
  1701 | D:2      | Reached skill level 1 in Shields
  1701 | D:2      | Reached skill level 1 in Unarmed Combat
  1701 | D:2      | Reached skill level 1 in Spellcasting
  1701 | D:2      | Reached skill level 1 in Evocations
  1947 | D:2      | Reached XP level 4. HP: 37/41 MP: 7/7
  2511 | D:2      | Reached ** piety under Lugonu
  2772 | D:3      | Reached skill level 1 in Conjurations
  2772 | D:3      | Reached skill level 1 in Hexes
  2772 | D:3      | Reached skill level 1 in Summonings
  2772 | D:3      | Reached skill level 1 in Necromancy
  2772 | D:3      | Reached skill level 1 in Translocations
  2772 | D:3      | Reached skill level 1 in Transmutations
  2772 | D:3      | Reached skill level 1 in Fire Magic
  2772 | D:3      | Reached skill level 1 in Ice Magic
  2772 | D:3      | Reached skill level 1 in Air Magic
  2772 | D:3      | Reached skill level 1 in Earth Magic
  2772 | D:3      | Reached skill level 1 in Poison Magic
  2966 | D:3      | Reached XP level 5. HP: 23/47 MP: 8/8
  3470 | D:3      | Found a glowing silver altar of Zin.
  3848 | D:4      | Noticed Natasha
  3856 | D:4      | Killed Natasha
  4044 | D:4      | Reached skill level 5 in Invocations
  4044 | D:4      | Reached XP level 6. HP: 42/53 MP: 9/9
  4454 | D:4      | Found a sparkling altar of Nemelex Xobeh.
  4459 | D:4      | Noticed Natasha
  4466 | D:4      | Killed Natasha
  4467 | D:4      | Reached skill level 5 in Axes
  4467 | D:4      | Reached skill level 5 in Armour
  4674 | D:4      | Found a sacrificial altar of Ru.
  4815 | D:5      | Entered Level 5 of the Dungeon
  4846 | D:5      | Noticed a sky beast
  4879 | D:5      | Killed a sky beast
  5055 | D:5      | Found a stormy altar of Qazlal.
  5234 | D:5      | Noticed an ice beast
  5249 | D:5      | Reached XP level 7. HP: 48/59 MP: 7/10
  5289 | D:5      | Reached skill level 7 in Fighting
  5776 | D:5      | Reached XP level 8. HP: 58/67 MP: 10/12
  5840 | D:5      | Found a radiant altar of Vehumet.
  6329 | D:5      | Reached *** piety under Lugonu
  6395 | D:6      | Found a bloodstained altar of Trog.
  6397 | D:6      | Noticed Sigmund
  6638 | D:5      | Found a white marble altar of Elyvilon.
  6658 | D:5      | Found a hazy altar of Hepliaklqana.
  6659 | D:5      | Found a shadowy altar of Dithmenos.
  6659 | D:5      | Noticed a shadow
  6836 | D:6      | Killed Sigmund
  6951 | D:6      | Found a glowing golden altar of the Shining One.
  6952 | D:6      | Found an ornate altar of the Wu Jian Council.
  6953 | D:6      | Noticed Eustachio
  6995 | D:6      | Killed Eustachio
  7098 | D:6      | Found a runed translucent door.
  7098 | D:6      | Noticed jeb's ghost (novice DsFi)
  7185 | D:6      | Reached XP level 9. HP: 40/73 MP: 10/14
  7350 | D:6      | Identified the +3 leather armour of Reasonable Knowledge
                  | {-Tele Dex+8 SInv}
  7575 | D:6      | Killed jeb's ghost
  7720 | D:7      | Found a sand-covered staircase.
  7729 | Ossuary  | Entered an ossuary
  7847 | Ossuary  | Reached **** piety under Lugonu
  7956 | Ossuary  | Reached skill level 5 in Dodging
  8160 | D:7      | Found a staircase to the Ecumenical Temple.
  8304 | D:7      | Reached skill level 8 in Fighting
  8522 | D:7      | Identified a scroll of acquirement
  8522 | D:7      | Acquired the ring "Ykkaqis Wige" {rPois rC+ Stlth+}
  9259 | D:8      | Noticed a boulder beetle
  9294 | D:8      | Found a broken altar of Ashenzari.
  9305 | D:8      | Slain by a boulder beetle

Illustrated notes

Levels and vault maps discovered:
D:1:      heliophobic_arrival_battle_scene, layout_basic
D:2:      minmay_thinvault, layout_rooms, serial_shops, nicolae_shop_statue_plus
D:3:      kennysheep_big_flooded_room, layout_loops_ring,
          mainiacjoe_overflow_paths, gup_sewer_entry_bowl,
          small_statue_intersection, fountainhead
D:4:      layout_basic, nemelex_diamond_rough_becter,
          nicolae_ru_the_path_less_chosen, uniq_natasha
D:5:      layout_basic, riverfiend_overflow_shadow_ancestor,
          mainiacjoe_overflow_alcove_2, kennysheep_mini, fiery_altar_vehumet
D:6:      layout_cave_pools, mainiacjoe_overflow_small_starburst,
          gammafunk_temple_overflow_pools, hellmonk_ghost_happy_afterlife,
          hangedman_abyss_or_decor_lesser_grid, lightli_orcish_oven,
          uniq_eustachio, uniq_sigmund
D:7:      layout_gridville, minmay_temple_entry_stoned_glass,
          lightli_ossuary_entry_decrepit_ruins, roderic_lattice_a
D:8:      layout_cave_pools, lemuel_coloured_pillars_altar,
          mainiacjoe_overflow_catwalk, old_standard_altar

Skill      XL: |  1  2  3  4  5  6  7  8  9 |
---------------+----------------------------+-----
Short Blades   | 1 2 3 4 |  4.6
Long Blades    | 1 2 3 4 |  4.6
Maces & Flails | 1 2 3 4 |  4.6
Polearms       | 1 2 3 4 |  4.6
Staves         | 1 2 3 4 |  4.6
Slings         | 1 2 3 4 |  4.6
Bows           | 1 2 3 4 |  4.6
Crossbows      | 1 2 3 4 |  4.6
Throwing       | 1 2 3 4 |  4.6
Stealth        | 1 2 3 4 |  4.6
Shields        | 1 2 3 4 |  4.6
Unarmed Combat | 1 2 3 4 |  4.6
Spellcasting   | 1 2 3 4 |  4.6
Evocations     | 1 2 3 4 |  4.6
Conjurations   | 1 2 3 |  3.8
Hexes          | 1 2 3 |  3.8
Summonings     | 1 2 3 |  3.8
Necromancy     | 1 2 3 |  3.8
Translocations | 1 2 3 |  3.8
Transmutations | 1 2 3 |  3.8
Fire Magic     | 1 2 3 |  3.8
Ice Magic      | 1 2 3 |  3.8
Air Magic      | 1 2 3 |  3.8
Earth Magic    | 1 2 3 |  3.8
Poison Magic   | 1 2 3 |  3.8
Dodging        | 3 4 5 |  5.3
Invocations    | 5 6 |  6.9
Axes           | 5 6 |  6.5
Armour         | 5 6 |  6.5
Fighting       | 7 8 |  8.1

Action                   |  1- 3 |  4- 6 |  7- 9 || total
-------------------------+-------+-------+-------++-------
Melee: Hand axe          |   127 |   254 |   740 ||  1121
       Bite              |     8 |    15 |    82 ||   105
       War axe           |       |       |    15 ||    15
Throw: Dart              |       |       |    13 ||    13
Invok: Depart the Abyss  |     1 |       |       ||     1
  Use: Scroll            |     2 |     5 |     8 ||    15
       Potion            |       |       |     1 ||     1
Armor: Ring mail         |    83 |    82 |       ||   165
       Plate armour      |       |    33 |   524 ||   557
Dodge: Dodged            |    81 |   126 |   365 ||   572
Block: Buckler           |       |    32 |   182 ||   214

Table legend: (Time is in decaauts)
 A = Elapsed time spent in this place.
 B = Non-inter-level travel time spent in this place.
 C = Inter-level travel time spent in this place.
 D = Time resting spent in this place.
 E = Time spent auto-exploring this place.
 F = Levels seen in this place.
 G = Mean time per level.
                   A        B        C        D        E       F      G
               +--------+--------+--------+--------+--------+-----+--------+
         Total |   9358 |   9001 |    357 |    749 |   5958 |  11 |  850.7 |
       Dungeon |   8755 |   8398 |    357 |    749 |   5695 |   8 | 1094.4 |
         Abyss |    208 |    208 |      0 |      0 |    158 |   2 |  104.0 |
       Ossuary |    394 |    394 |      0 |      0 |    105 |   1 |  394.0 |
               +--------+--------+--------+--------+--------+-----+--------+

Top non-repeatable levels by time:
     D:5: 1862 daAuts
     D:2: 1407 daAuts
     D:1: 1141 daAuts
     D:7: 1085 daAuts
     D:6: 1061 daAuts
     D:4: 1049 daAuts
     D:3: 1045 daAuts
 Ossuary: 394 daAuts
 Abyss:2: 119 daAuts
     D:8: 101 daAuts
 Abyss:1: 89 daAuts
